[Event "Torneo Nuevo Centro. Jornada 10"]
[Site "Chess.com"]
[Date "2020.08.21"]
[Round "9"]
[White "Conejero Martínez, Víctor"]
[Black "Ainsa Jimenez, Lucas"]
[Result "0-1"]
[WhiteElo "1373"]
[BlackElo "1188"]
[TimeControl "180+2"]
[EndTime "12:12:06 PDT"]
[Termination "Victoria de ainsaluck por abandono"]

1. d4 d5 2. c4 dxc4 3. e3 Nf6 4.
Bxc4 Bf5 5. Qf3 Be4 6. Qg3 Nh5 7. Qg4 Nf6 8. Qh3 Qd7 9. Qxd7+ Nbxd7 10. Nf3 Nb6 11.
Nbd2 Nxc4 12. Nxc4 O-O-O 13. O-O Bxf3 14. gxf3 e6 15.
Ne5 Re8 16. Nxf7 Rg8 17. Ne5 Kb8 18. Bd2 Bd6 19. Nc4 Be7 20. Rac1 Rd8 21. Ne5 Rd5 22. Rc2 Nd7 23. e4 Rxd4 24. Nxd7+ Rxd7 25. Rfc1 Bd6 26. Bc3 Rf7 27. e5 Bc5 28. Kg2 Rgf8 29. a3 Rxf3 30. b4 Bxf2 31. Be1 Be3 32. Rc3 Bxc1 33. Rxf3 Rxf3 34.
Kxf3 Bxa3 35. Kg4 Kc8 36. h4 Kd7 37. h5 Kc6 38. Kg5 Kd5 39. Bc3 Bc1+ 40. Kg4 h6 41. Kf3 Kc4 42. Be1 Ba3 43. Bf2 Bxb4 44. Bxa7 Bc5 45. Bb8 Bb6 46. Ke4 Kc5 47. Kd3 Kc6 48. Kc4 Kd7 49. Kb5 Kc8 50. Bxc7 Bxc7 51. Kc4 Bxe5 52.
Kd3 Kc7 53. Ke4 Kd6 54. Ke3 b5 55. Kd3 Kc5 56. Kc2 Kc4 57. Kc1 Kc3 58. Kb1 b4 59.
Kc1 Bd4 60. Kb1 Kb3 61. Kc1 Ka2 62. Kc2 b3+ 63. Kd3 Bf6 64. Ke4 b2 0

[Event "Torneo Nuevo Centro. Jornada 10"]
[Site "Chess.com"]
[Date "2020.08.21"]
[Round "9"]
[White "Yuste Valenzuela, Alejandro"]
[Black "Cebolla Ruiz, David"]
[Result "1-0"]
[WhiteElo "1867"]
[BlackElo "1546"]
[TimeControl "180+2"]
[EndTime "12:12:14 PDT"]
[Termination "Victoria de alejandrito290 por jaque mate"]

1. e4 e5 2. Nf3 d6 3. d4 exd4 4. Nxd4 Nf6 5. Nc3 Be7 6. Be3 O-O 7. Be2 c6 8. Qd2 Re8 9. O-O-O d5 10. exd5 Nxd5 11. Nxd5 Qxd5 12. Kb1 Be6 13. Nxe6 Qxe6 14. Bd3 Na6 15. Bxa6 bxa6 16. Qd7 Red8 17. Qxe6 fxe6 18. c3 c5 19. Kc2 Kf7 20. Kb3 Rab8+ 21. Kc2 Rb7 22. Rxd8 Bxd8 23. Bxc5 Bb6 24. Bxb6 axb6 25.
Rd1 Ke7 26. b4 a5 27. a3 axb4 28. axb4 Rc7 29. Ra1 Kd6 30. Ra6 Kc6 31. Kb3 Kb7 32. Ra2 Rf7 33. Re2 Rf6 34. f3 Kc6 35. Kc4 Rf4+ 36.
Kb3 Kd6 37. c4 e5 38. Re3 Rf5 39. Rd3+ Kc6 40. Rd8 Kc7 41. Rg8 Rf7 42. Ka4 Kc6 43. Re8 Kd6 44. Kb5 Kc7 45. Rxe5 Rf4 46. c5 bxc5 47.
bxc5 Rf7 48. h4 h6 49. h5 Rd7 50. f4 Rf7 51. f5 Kb7 52. g4 Kc7 53. Re6 Kd7 54. Ra6 Kd8 55. Ra8+ Ke7 56. Ra7+ Kf6 57. Rxf7+ Kxf7 58. c6 g6 59. fxg6+ Kg7 60. c7 Kg8 61. c8=Q+ Kg7 62. Qc3+ Kg8 63. Qc4+ Kh8 64. Qc8+ Kg7 65. Qd7+ Kf8 66. Qf7# 1

[Event "Torneo Nuevo Centro. Jornada 10"]
[Site "Chess.com"]
[Date "2020.08.21"]
[Round "9"]
[White "Kovacevic, Slobodan"]
[Black "Gimenez Saiz, Jose Raul"]
[Result "0-1"]
[WhiteElo "2275"]
[BlackElo "1904"]
[TimeControl "180+2"]
[EndTime "12:12:18 PDT"]
[Termination "Victoria de rango013 por tiempo"]

1. d4 Nf6 2. Nf3 c5 3. d5 b5 4. Bg5 Ne4 5. Bf4 d6 6. Qd3 Nf6 7. Qxb5+ Nbd7 8. Qd3 Qb6 9. b3 Bb7 10. c4 g6 11. Nc3 Bg7 12. Rc1 O-O 13. e3 Ng4 14.
Be2 Qa5 15. O-O Bxc3 16. Qxc3 Qxc3 17. Rxc3 h5 18. h3 Nge5 19. Nd2 Kg7 20. Bh2 f6 21. f4 Nf7 22. Nf3 a5 23. a4 Rfb8 24. Nh4 f5 25. Nf3 Nf6 26. Nd2 h4 27. Kh1 Bc8 28. Bf3 Bd7 29.
Bg1 Rb4 30. Bf2 Rab8 31. Bxh4 Rh8 32. Be1 g5 33. Kg1 g4 34. hxg4 fxg4 35. Bd1 Rbb8 36.
e4 Rh5 37. Bg3 Rbh8 38. Kf2 Bc8 39. Be2 Bd7 40. Rcc1 Kf8 41. Rce1 R8h7 42. Bd3 Rh8 43. Ke2 R8h6 44. Kd1 e5 45. dxe6 Bxe6 46. Kc1 Ke7 47. Kb2 Kd7 48. Rd1 Kc7 49. f5 Bd7 50. Bf4 Rh7 51. Rde1 Ne5 52. Bc2 Kb7 53. Rg1 Kc7 54.
Nf1 Kb7 55. Ne3 Kc7 56. Bxe5 dxe5 57. Rd1 Bc6 58. Rd2 Bxe4 59. Bxe4 Nxe4 60. Rd5 Rh1 61.
Rxh1 Rxh1 62. Rxe5 Nf2 63. Re6 Nd3+ 0

[Event "Torneo Nuevo Centro. Jornada 10"]
[Site "Chess.com"]
[Date "2020.08.21"]
[Round "9"]
[White "Hassomal Daswani, Birjkumar"]
[Black "Yatseta Fernandez, Marc Kazymyr"]
[Result "1-0"]
[WhiteElo "1797"]
[BlackElo "1457"]
[TimeControl "180+2"]
[EndTime "12:12:38 PDT"]
[Termination "Victoria de daz000007 por abandono"]

1. e4 e5 2. Nf3 Nc6 3. Bc4 Nf6 4.
O-O Be7 5. d3 O-O 6. c3 d6 7. h3 Be6 8. Bb5 a6 9. Ba4 b5 10. Bc2 h6 11. Re1 Na5 12. Nbd2 c5 13.
Nf1 Nc6 14. Ng3 Qd7 15. Be3 Kh8 16. Qd2 Ng8 17. Rad1 f5 18. exf5 Bxf5 19. Nxf5 Qxf5 20. d4 e4 21. dxc5 dxc5 22. Nh2 Rad8 23. Qe2 Ne5 24. Rxd8 Rxd8 25. Ng4 Nd3 26. Rb1 Nf4 27. Bxf4 Qxf4 28. Qxe4 Qxe4 29. Bxe4 Nf6 30. Bb7 Nxg4 31. hxg4 a5 32. Ba6 b4 33. Re1 Bf8 34. Re2 bxc3 35. bxc3 Rd1+ 36. Kh2 Bd6+ 37. g3 Kh7 38. Kg2 Kg6 39.
Re6+ Kf7 40. Re4 Rc1 41. Bc4+ Kf8 42. Re3 Be7 43. Rf3+ Ke8 44. Rd3 Bf6 45. Bb5+ Ke7 46. c4 Rc3 47. Re3+ Rxe3 48. fxe3 Kd6 49. Kf3 Ke5 50.
Bc6 Bg5 51. Bd5 g6 52. Bf7 Bf6 53. Bxg6 Bg5 54. Be8 Bf6 55. Bc6 Bg5 56. Ke2 Bf6 57.
Kd3 Bg5 58. Kc2 Bf6 59. Kb3 Bg5 60. Ka4 Bd8 61. Kb5 Kf6 62. Kxc5 Kg5 63. Bd7 Bc7 64. Kc6 Bxg3 65. Kb7 Be5 66. c5 Bc3 67. c6 Be5 68. c7 Bxc7 69. Kxc7 1

[Event "Torneo Nuevo Centro. Jornada 10"]
[Site "Chess.com"]
[Date "2020.08.21"]
[Round "9"]
[White "Gómez Alonso, Óscar"]
[Black "Donate Peris, Jose Manuel"]
[Result "1/2-1/2"]
[WhiteElo "1818"]
[BlackElo "1542"]
[TimeControl "180+2"]
[EndTime "12:13:25 PDT"]
[Termination "Partida en tablas por material insuficiente"]

1. d4 Nf6 2. c4 e6 3. Nc3 d5 4. e3 Bb4 5. Bd3 Bxc3+ 6. bxc3 dxc4 7. Bxc4 Nbd7 8. Nf3 b6 9. O-O Bb7 10. Re1 c5 11. Bb3 cxd4 12. cxd4 O-O 13. Bb2 Nd5 14. Rc1 Rc8 15. a3 Rxc1 16. Qxc1 N7f6 17. e4 Ne7 18. Bc2 Ng6 19. Qe3 Qc7 20. Bb1 Rc8 21.
h4 h5 22. Qg5 Qf4 23. Qxf4 Nxf4 24. g3 Ng6 25. Rc1 Rxc1+ 26. Bxc1 Nxe4 27. Ne5 Nxe5 28. dxe5 Nc3 29. Bd3 Nd5 30. Bd2 g6 31. Be4 Kf8 32. f3 Ke7 33. g4 hxg4 34. fxg4 Ba6 35. h5 gxh5 36. gxh5 Kf8 37. h6 Kg8 38. h7+ Kh8 39.
Kh2 Ne7 40. Bg5 Ng6 41. Bf6+ Kxh7 42. Kg3 Kh6 43. Kg4 Be2+ 44. Kg3 Kh5 45. Bc6 Nf8 46. Be8 Kg6 47. Kf4 Nd7 48. Bd8 Nc5 49. Be7 Bc4 50.
Bd6 Bd5 51. Ke3 a6 52. Kd4 Nb3+ 53. Kc3 b5 54. Kb4 Nd2 55. Ka5 Nc4+ 56. Kxa6 Nxa3 57.
Ka5 Nc4+ 58. Kb4 Nxe5 59. Bxe5 Kf5 60. Bd6 f6 61. Bxb5 e5 62. Kc5 Bg2 63. Bd7+ Ke4 64. Bc6+ Ke3 65. Bxg2 e4 66. Kd5 f5 67. Bc7 f4 68.
Bxe4 f3 69. Bb6+ Ke2 70. Bc2 f2 71. Ba4 f1=Q 72. Bb5+ Ke1 73. Ba5+ Kf2 74. Bb6+ Ke1 75. Kc6 Qf6+ 76. Kb7 Qf3+ 77. Ka6 Qa3+ 78. Kb7 Qe7+ 79. Kc6 Qe6+ 80. Kc5 Qxb6+ 81. Kxb6 1/2-1